Unix NetHack Version 5.0.0-0 post-release - last build May 30 2026 05:04:26 (55804bc15828dd6e32e9076e0726aa6fccb6e981,branch:main).

Game began 2026-05-31 08:28:53, ended 2026-05-31 08:38:29.

Atomicjoy, chaotic male elven Wizard

    ------     ----------
    |[[[[|     |........|                        ----------------    -----
    |.[..|    #.........|     --------           ...............|    +...|
    |.[[[|    #|........|     |.......           |..............|    |...|
    |...[|   ##|........|          ...(....%.    ...............|    |...|
    |[.[[|   # --------|-                        |..............|#   |...|
    |)...|   #        ##                         -------------.--####....|
    ----|-   #        #                                       #####  -|---
        #    #        #                                      ###  #   ##
        #    #        #                                     ##         #
        #    #     ---|-  #         #####       #      ##@#)###        #
        #    #     |.... ############################### #  #          ##
        ##   #     |...| ##             #####   #     ------|--#     ---.---
         #   #     |...| #                  .         ........-######-.....|
         #   #     |...-##                 >..        |.......|#     |....>|
    -----.--##     -----                   ..{.       |.......|      |.....|
    |.....<.#                              $....      |.......|      |.....|
    |....^.|                               ....|      |.......|      |.....|
    --------                              ------      -------+-      -------

Atomicjoy the Evoker      St:12 Dx:11 Co:11 In:20 Wi:10 Ch:11  Chaotic
Dlvl:2  $:54 HP:11(12) Pw:8(8) AC:8  Xp:1 T:722 

Latest messages:
 What do you want to drop? [$a-txyDG or ?*] G
 You drop an elven mithril-coat (unpaid, 240 zorkmids).
 "Hello, Atomicjoy!  Welcome again to Artvin's used armor dealership!"
 "Hello, Atomicjoy!  Welcome again to Artvin's used armor dealership!"
 "Hello, Atomicjoy!  Welcome again to Artvin's used armor dealership!"
 You feel weak!
 You haven't been exercising properly.
 The door resists!
 The door resists!
 The door resists!
 The door resists!
 The door opens.
 You hear someone cursing shoplifters.
 The door resists!
 The door opens.
 The newt bites!
 You kill the newt!
 The newt bites!
 You kill the newt!
 The door resists!
 The door resists!
 The door opens.
 You swap places with your kitten.
 You hear the chime of a cash register.
 You see here a food ration.
 q - a food ration (2 in total).
 The door resists!
 You swap places with your kitten.
 The door resists!
 The door opens.
 The grid bug bites!
 You get zapped!
 The grid bug bites!
 You get zapped!
 You hear some noises.
 You see here 5 gold pieces.
 $ - 5 gold pieces (54 in total).
 You descend the stairs.
 You climb up the stairs.
 You swap places with your kitten.
 The door opens.
 The door opens.
 You kill the newt!
 You kill the newt!
 The door opens.
 The goblin throws a crude dagger!
 You are hit by a crude dagger.
 You kill the goblin!
 Really quit without saving? [yn] (n) y
 Do you want your possessions identified? [ynq] (y) q

Inventory:
 Coins    ('$')
  $ - 54 gold pieces
 Weapons  (')')
  a - a blessed +1 quarterstaff (weapon in hands)
 Armor    ('[')
  y - an uncursed +0 pair of elven boots (being worn)
  D - an uncursed +0 cloak of displacement
  b - an uncursed +0 cloak of magic resistance (being worn)
 Comestibles  ('%')
  q - 2 uncursed food rations
  x - an uncursed orange
 Scrolls  ('?')
  j - a blessed scroll of confuse monster
  k - an uncursed scroll of food detection
  i - 2 uncursed scrolls of identify
 Spellbooks  ('+')
  m - an uncursed spellbook of drain life
  s - an uncursed spellbook of drain life
  l - a blessed spellbook of force bolt
  r - an uncursed spellbook of magic mapping
 Potions  ('!')
  t - a blessed potion of confusion
  h - an uncursed potion of gain level
  f - 2 uncursed potions of healing
  g - an uncursed potion of oil
  p - an uncursed potion of paralysis
 Rings    ('=')
  d - an uncursed ring of slow digestion (on right hand)
  e - an uncursed ring of warning (on left hand)
 Wands    ('/')
  c - a wand of sleep (0:5)
 Tools    ('(')
  o - an uncursed wooden flute
  n - a magic marker (0:20)

Atomicjoy the Wizard's attributes:

Background:
 You were an Evoker, a level 1 male elven Wizard.
 You were chaotic, on a mission for Anhur
 who was opposed by Ptah (lawful) and Thoth (neutral).
 You were right-handed.
 You were in the Dungeons of Doom, on level 2.
 You entered the dungeon 722 turns ago.
 There was a full moon in effect when your adventure ended.
 You had 12 experience points, 8 more were needed to attain level 2.

Basics:
 You had 11 out of 12 hit points.
 You had all 8 energy points (spell power).
 Your armor class was 8.
 Your wallet contained 54 zorkmids.
 Autopickup was off.

Final Characteristics:
 Your strength was 12 (peak:13, limit:18).
 Your dexterity was 11 (limit:18).
 Your constitution was 11 (limit:16).
 Your intelligence was 20 (limit:20).
 Your wisdom was 10 (limit:20).
 Your charisma was 11 (limit:18).

Final Status:
 You weren't hungry.
 You were unencumbered.
 You were wielding a quarterstaff.
 You had basic skill with quarterstaff.

Final Attributes:
 You were fervently aligned.
 You were magic-protected.
 You were warned.
 You had infravision.
 You were stealthy.
 You had slower digestion.
 You were warded.
 You were lucky.
 You survived.

Miscellaneous:
 You didn't encounter any bones levels.
 Total elapsed playing time was 9 minutes and 35 seconds.

Major events:
 Turn
    1: Atomicjoy the chaotic male elven Wizard entered the dungeon
  698: entered the Gnomish Mines
  722: quit

Spells:
 Name                 Level Category     Fail Retention
 force bolt             1   attack         0%  91%-100%
 drain life             2   attack         0%  91%-100%

Skills:
 Fighting Skills
   bare handed combat [Unskilled]
   riding             [Unskilled]
 Weapon Skills
   dagger             [Unskilled]
   knife              [Unskilled]
   axe                [Unskilled]
   short sword        [Unskilled]
   club               [Unskilled]
   mace               [Unskilled]
   quarterstaff       [Basic]
   polearms           [Unskilled]
   spear              [Unskilled]
   trident            [Unskilled]
   sling              [Unskilled]
   dart               [Unskilled]
   shuriken           [Unskilled]
 Spellcasting Skills
   attack spells      [Basic]
   healing spells     [Unskilled]
   divination spells  [Unskilled]
   enchantment spells [Basic]
   clerical spells    [Unskilled]
   escape spells      [Unskilled]
   matter spells      [Unskilled]

Voluntary challenges:
 Character rerolling was not enabled.
 You went without food.
 You were illiterate.
 You never genocided any monsters.
 You never polymorphed an object.
 You never changed form.
 You used no wishes.
Achievements:
 You entered a shop.
 You entered the Gnomish Mines.

 The Dungeons of Doom: levels 1 to 2
    Level 1:
       A fountain, a grave.
    Level 2: <- You were here.
       An armor shop, a fountain.
       Stairs down to The Gnomish Mines.
 The Gnomish Mines:
    Level 3:


Vanquished creatures:
  a goblin
  2 grid bugs
  5 newts
8 creatures vanquished.

No species were genocided or became extinct.

Goodbye Atomicjoy the Wizard...

You quit in The Dungeons of Doom on dungeon level 2 with 202 points,
and 54 pieces of gold, after 722 moves.
You were level 1 with a maximum of 12 hit points when you quit.

